 Dungeon Crawl Stone Soup version 0.19.0-2-gae57169 (webtiles) character file.

39505 MTVSty1e the Warrior (level 13, -1/128 HPs)
             Began as a Minotaur Fighter on Nov 6, 2016.
             Was the Champion of Okawaru.
             Slain by a death yak (8 damage)
             ... on level 6 of the Lair of Beasts.
             The game lasted 00:51:13 (16175 turns).

MTVSty1e the Warrior (Minotaur Fighter)            Turns: 16175, Time: 00:51:13

Health: -1/128     AC: 29    Str: 25    XL:     13   Next: 69%
Magic:  12/12      EV:  2    Int:  7    God:    Okawaru [******]
Gold:   972        SH:  0    Dex: 15    Spells: 0 memorised, 12 levels left

rFire  . . .     SeeInvis .     s - +6 hand axe (freeze)
rCold  . . .     Gourm    .     Q - +3 plate armour {rN+}
rNeg   + + +     Faith    .     I - +0 large shield
rPois  ∞         Spirit   .     U - +1 hat {MR+}
rElec  .         Reflect  .     z - +2 cloak {MR+}
rCorr  +         Harm     +     G - +0 pair of gloves
MR     ++...                    F - +1 pair of boots
Stlth  ..........               B - amulet of harm
                                y - +4 ring of dexterity
                                d - ring of resist corrosion

@: petrified, very slightly contaminated, hasted
A: retaliatory headbutt, horns 2, molten scales 1, clever 1
a: Heroism, Finesse, Renounce Religion


You were on level 6 of the Lair of Beasts.
You worshipped Okawaru.
Okawaru was exalted by your worship.
You were not hungry.

You visited 2 branches of the dungeon, and saw 17 of its levels.
You also visited: Volcano.

You collected 972 gold pieces.

Inventory:

Hand Weapons
 s - a +6 hand axe of freezing (weapon)
 V - a +1 scimitar of flaming
 Z - a +1 broad axe of chopping
Armour
 z - a +2 cloak of magic resistance (worn)
 F - a +1 pair of boots (worn)
 G - a +0 pair of gloves (worn)
 I - a +0 large shield (worn)
 Q - a +3 plate armour of positive energy (worn)
 U - a +1 hat of magic resistance (worn)
 W - a +2 scale mail of fire resistance
 X - a +2 cloak of invisibility
Jewellery
 d - a ring of resist corrosion (left hand)
 n - an uncursed ring of protection from magic
 u - an uncursed ring of ice
 v - an uncursed ring of protection from fire
 x - an uncursed ring of flight
 y - a +4 ring of dexterity (right hand)
 B - an amulet of harm (around neck)
 E - an uncursed amulet of regeneration
Wands
 b - a wand of slowing (22/48)
 c - a wand of lightning (10/15)
 k - a wand of digging (13/24)
 o - a wand of flame (34/48)
 Y - a wand of paralysis (17/24)
Scrolls
 e - 6 scrolls of remove curse
 f - 3 scrolls of amnesia
 i - 2 scrolls of teleportation
 l - 3 scrolls of fog
 m - a scroll of fear
 w - a scroll of acquirement {unknown}
 C - a scroll of enchant weapon
 J - 2 scrolls of recharging
 M - a scroll of summoning
 S - a scroll of magic mapping
Potions
 g - a potion of heal wounds
 j - a potion of brilliance
 p - a potion of cure mutation
 q - 4 potions of flight
 A - 10 potions of curing
 L - 3 potions of magic
 T - 3 potions of cancellation
Books
 a - a book of Conjurations

   Spells                             Type                      Level
   a - Magic Dart                     Conjuration                  1
   b - Searing Ray                    Conjuration                  2
   c - Dazzling Spray                 Conjuration/Hexes            3
   d - Fulminant Prism                Conjuration/Hexes            4
   e - Iskenderun's Mystic Blast      Conjuration                  4
   f - Iskenderun's Battlesphere      Conjuration/Charms           5
 h - a book of Misfortune

   Spells                             Type                      Level
   a - Confusing Touch                Hexes                        1
   b - Confuse                        Hexes                        3
   c - Gell's Gravitas                Hexes/Translocation          3
   d - Petrify                        Transmutation/Earth          4
   e - Metabolic Englaciation         Hexes/Ice                    5
   f - Yara's Violent Unravelling     Hexes/Transmutation          5
 H - a book of the Earth

   Spells                             Type                      Level
   a - Leda's Liquefaction            Hexes/Earth                  4
   b - Bolt of Magma                  Conjuration/Fire/Earth       5
   c - Statue Form                    Transmutation/Earth          6
   d - Iron Shot                      Conjuration/Earth            6
   e - Shatter                        Earth                        9
Comestibles
 t - 7 bread rations
 D - a meat ration
 K - 3 beef jerkies
 N - 3 slices of pizza
 O - 4 royal jellies
 P - 9 fruits


   Skills:
 * Level 15.8 Fighting
 * Level 9.0 Long Blades
 - Level 9.8 Axes
 + Level 11.9 Armour
 + Level 10.5 Dodging
 + Level 11.8 Shields


You had 12 spell levels left.
You didn't know any spells.

Dungeon Overview and Level Annotations

Branches:
Dungeon (11/15)            Temple (0/1) D:4            Lair (6/6) D:10
 Shoals (0/4) Lair:2       Spider (0/4) Lair:4        Slime (0/5) Lair:6
    Orc (0/2) D:11

Altars:
Kikubaaqudgha
Okawaru
Qazlal
Ru
Uskayaw
Yredelemnul
Jiyva

Shops:
D:6 [?(:

Annotations:
Lair:6 1 runed door


Innate Abilities, Weirdness & Mutations

You reflexively headbutt those who attack you in melee.
You have a pair of horns on your head.
You are partially covered in molten scales. (AC +2)
Your mind is acute. (Int +2)


Message History

The death yak gores you.
* * * LOW HITPOINT WARNING * * *
The catoblepas breathes a plume of calcifying dust at you.
The blast of calcifying dust hits you!
* * * LOW HITPOINT WARNING * * *
The blast of calcifying dust hits the death yak.
You are engulfed in calcifying dust.
The death yak is engulfed in calcifying dust.
The death yak is moving more slowly.
The death yak gores you but does no damage.
The death yak gores you!
* * * LOW HITPOINT WARNING * * *
The catoblepas breathes a plume of calcifying dust at you.
The blast of calcifying dust hits you!
The blast of calcifying dust hits the death yak.
You are engulfed in calcifying dust.
The yak is no longer petrified.
The death yak is engulfed in calcifying dust.
The death yak stops moving altogether!
The yak gores you but does no damage. The death yak gores you!
You die...

#......## #..#
#.P###...## ####
#######.†.## ##
###.###...# #.
##.....##..# ##
###P..#......##
#..###P.Y.P##......#
#....†.YY####....##
##..P###@# ###.##
#... #YY# ### ##.
##..# # #... ....
.##... # ... .)


You could see 2 death yaks, a catoblepas and 2 yaks.

Vanquished Creatures
  Rupert (Lair:4)
  Gastronok (D:11)
  Kirke (Lair:4)
  Harold (Lair:4)
  Erolcha (D:9)
  Fannar (D:10)
  3 hydras
  A catoblepas (Lair:6)
  A death yak (Lair:6)
  Nergalle (D:11)
  An unseen horror (D:11)
  Pikel (D:6)
  A wizard (D:11)
  2 hill giants (D:11)
  An ugly thing (D:11)
  A cyclops (D:11)
  A deep elf mage (D:11)
  2 black mambas
  12 spiny frogs
  An efreet (D:11)
  A rime drake (Lair:4)
  5 komodo dragons
  2 trolls (D:10)
  A hornet (D:9)
  8 hippogriffs
  4 blink frogs (Lair:4)
  A slime creature (D:11)
  16 dream sheep
  3 redbacks (Lair:4)
  A spriggan (D:10)
  Eustachio (D:5)
  16 yaks
  A human (D:10)
  A hog (Lair:4)
  Menkaure (D:7)
  A basilisk (Lair:6)
  2 vampire mosquitoes (D:11)
  2 hungry ghosts (D:10)
  10 water moccasins
  6 porcupines
  A slave (D:6)
  2 orc warriors
  4 ice beasts
  2 phantoms
  The ghost of Krapule the Covered, an amateur MiFi (D:3)
  A necrophage (D:11)
  3 black bears
  3 sky beasts
  2 wolves (D:10)
  8 ogres
  9 centaurs
  11 crocodiles
  Blork the orc (D:5)
  7 bullfrogs
  2 wyvern zombies
  5 scorpions
  A water moccasin skeleton (D:7)
  4 killer bees (D:8)
  21 wights
  6 howler monkeys
  5 electric eels
  4 crimson imps
  2 centaur zombies (D:10)
  A jelly (D:9)
  A bullfrog zombie (D:7)
  6 orc priests
  9 hounds
  Crazy Yiuf (D:7)
  A centaur skeleton (D:9)
  A bullfrog skeleton (D:10)
  3 iguanas
  13 orc wizards
  9 worker ants
  2 hound skeletons
  A worker ant zombie (D:8)
  3 gnolls (D:6)
  6 adders
  3 shadow imps
  An ooze (D:1)
  2 worms
  4 dart slugs
  8 leopard geckos
  29 orcs
  2 ball pythons
  12 bats
  5 giant cockroaches
  2 gnoll zombies (D:3)
  9 goblins
  9 hobgoblins
  10 jackals
  11 kobolds
  6 quokkas
  5 frilled lizards
  A jackal zombie (D:5)
  A leopard gecko skeleton (D:7)
  A leopard gecko zombie (D:5)
  4 rats
  A fungus (Lair:2)
  3 plants
409 creatures vanquished.

Vanquished Creatures (collateral kills)
  A spiny frog (Lair:1)
  A hippogriff (Lair:1)
2 creatures vanquished.

Vanquished Creatures (others)
  2 humans (Lair:4)
  A worker ant (D:5)
  2 orcs
  A giant cockroach zombie (D:5)
  A fungus (Lair:4)
7 creatures vanquished.

Grand Total: 418 creatures vanquished

Notes
Turn   | Place    | Note
-------+----------+-------------------------------------------
     0 | D:1      | MTVSty1e the Minotaur Fighter began the quest for the Orb.
     0 | D:1      | Reached XP level 1. HP: 19/19 MP: 0/0
    99 | D:1      | Reached XP level 2. HP: 23/27 MP: 1/1
   113 | D:1      | Reached skill level 4 in Fighting
   463 | D:1      | Reached XP level 3. HP: 33/33 MP: 2/2
   541 | D:2      | Reached skill level 1 in Dodging
   872 | D:2      | Reached XP level 4. HP: 37/41 MP: 3/3
  1066 | D:3      | Reached skill level 5 in Fighting
  1066 | D:3      | Reached XP level 5. HP: 48/48 MP: 4/4
  1193 | D:3      | Noticed Krapule's ghost (amateur MiFi)
  1204 | D:3      | Killed Krapule's ghost
  1205 | D:3      | Found a stormy altar of Qazlal.
  1574 | D:3      | You fall through a shaft for 3 floors!
  1609 | D:6      | Reached XP level 6. HP: 33/57 MP: 5/5
  1748 | D:6      | Reached skill level 6 in Fighting
  1748 | D:6      | Reached skill level 5 in Shields
  1862 | D:6      | Found Dawyady's Book Shop.
  1960 | D:6      | Reached skill level 5 in Armour
  1960 | D:6      | Reached XP level 7. HP: 7/64 MP: 6/6
  2420 | D:6      | Found Yleogode's Antique Weapon Shop.
  2439 | D:5      | Entered Level 5 of the Dungeon
  2566 | D:5      | Noticed Pikel
  2588 | D:6      | Killed Pikel
  2588 | D:6      | Reached skill level 7 in Fighting
  2588 | D:6      | Reached skill level 5 in Axes
  2588 | D:6      | Reached XP level 8. HP: 52/74 MP: 7/7
  2752 | D:5      | Found an ancient bone altar of Kikubaaqudgha.
  2877 | D:5      | Noticed Blork the orc
  2877 | D:5      | Noticed Eustachio
  2888 | D:5      | Killed Blork the orc
  2888 | D:5      | Reached skill level 8 in Fighting
  2896 | D:5      | Killed Eustachio
  3149 | D:5      | Found an iron altar of Okawaru.
  3160 | D:5      | Became a worshipper of Warmaster Okawaru
  3367 | D:4      | Found a staircase to the Ecumenical Temple.
  4228 | D:4      | Reached skill level 9 in Fighting
  4342 | D:3      | Found a sacrificial altar of Ru.
  4626 | D:3      | Found a basalt altar of Yredelemnul.
  4702 | D:6      | Found Jolapn's Magic Scroll Boutique.
  4783 | D:6      | Reached XP level 9. HP: 63/83 MP: 8/8
  4883 | D:6      | Reached skill level 5 in Dodging
  4888 | D:6      | Reached * piety under Okawaru
  4931 | D:6      | Found Tanaas's Armour Emporium.
  5275 | D:7      | Noticed Menkaure
  5284 | D:7      | Killed Menkaure
  5605 | D:7      | Reached skill level 10 in Fighting
  5759 | D:7      | Reached ** piety under Okawaru
  6310 | D:7      | Found a runed door.
  6456 | D:7      | Noticed Crazy Yiuf
  6462 | D:7      | Killed Crazy Yiuf
  6977 | D:8      | Reached XP level 10. HP: 94/94 MP: 9/9
  7067 | D:8      | Found a hide-covered altar of Uskayaw.
  7864 | D:9      | Noticed Erolcha
  7882 | D:9      | Killed Erolcha
  7882 | D:9      | Reached *** piety under Okawaru
  7882 | D:9      | Reached skill level 11 in Fighting
  7901 | D:9      | Gained mutation: Your body sometimes deteriorates upon taking damage. [mutagenic meat]
  7902 | D:9      | Gained mutation: You are partially covered in molten scales. (AC +2) [mutagenic meat]
  7904 | D:9      | Gained mutation: You are clumsy. (Dex -2) [mutagenic meat]
  7905 | D:9      | Gained mutation: Your spells are a little harder to cast, but a little more powerful. [mutagenic meat]
  7906 | D:9      | Gained mutation: Scrolls take you a little longer to read. [mutagenic meat]
  7977 | D:9      | Reached **** piety under Okawaru
  8193 | D:9      | Reached skill level 12 in Fighting
  8319 | D:10     | Entered Level 10 of the Dungeon
  8472 | D:10     | Noticed Fannar
  8489 | D:10     | Killed Fannar
  8489 | D:10     | Reached XP level 11. HP: 45/104 MP: 7/10
  8609 | D:10     | Found a staircase to the Lair.
  8624 | D:10     | Reached ***** piety under Okawaru
  9684 | D:11     | Noticed Nergalle
  9696 | D:11     | Killed Nergalle
  9699 | D:11     | Received a gift from Okawaru
  9780 | D:11     | Found a staircase to the Orcish Mines.
  9800 | D:11     | Noticed a hill giant
  9806 | D:11     | Killed a hill giant
  9806 | D:11     | Reached skill level 13 in Fighting
  9807 | D:11     | Reached skill level 10 in Armour
  9848 | D:11     | Noticed a wizard
  9855 | D:11     | Killed a wizard
  9915 | D:11     | Noticed a deep elf mage
  9921 | D:11     | Killed a deep elf mage
 10140 | D:11     | Noticed a hill giant
 10147 | D:11     | Killed a hill giant
 10488 | D:11     | Killed an unseen horror
 10488 | D:11     | Reached skill level 10 in Shields
 10668 | D:11     | Noticed Gastronok
 10678 | D:11     | Killed Gastronok
 10678 | D:11     | Reached XP level 12. HP: 98/116 MP: 9/11
 10856 | Lair:1   | Entered Level 1 of the Lair of Beasts
 10890 | Lair:1   | Reached skill level 1 in Long Blades
 10947 | Lair:1   | Reached skill level 14 in Fighting
 11188 | Lair:1   | Noticed an eight-headed hydra
 11196 | Lair:1   | Killed a five-headed hydra
 11196 | Lair:1   | Received a gift from Okawaru
 11980 | Lair:2   | Found a staircase to the Shoals.
 13520 | Lair:4   | Found a dark tunnel.
 13530 | Volcano  | Entered a volcano
 13576 | Lair:4   | Found a hole to the Spider Nest.
 13582 | Lair:4   | Reached skill level 5 in Long Blades
 13755 | Lair:4   | Reached ****** piety under Okawaru
 13908 | Lair:4   | Noticed Kirke
 13920 | Lair:4   | HP: 1/118 [something (6)]
 13924 | Lair:4   | Killed Kirke
 13930 | Lair:4   | Reached XP level 13. HP: 48/125 MP: 12/12
 13934 | Lair:4   | Reached skill level 15 in Fighting
 13967 | Lair:4   | Noticed Harold
 13998 | Lair:4   | Killed Harold
 13998 | Lair:4   | Reached skill level 10 in Dodging
 14230 | Lair:4   | Received a gift from Okawaru
 14290 | Lair:4   | Noticed Rupert
 14309 | Lair:4   | Killed Rupert
 14531 | Lair:4   | Gained mutation: You have a pair of large horns on your head. [potion of mutation]
 14531 | Lair:4   | Gained mutation: Your body often deteriorates upon taking damage. [potion of mutation]
 14531 | Lair:4   | Gained mutation: You are resistant to hostile enchantments. (MR+) [potion of mutation]
 14532 | Lair:4   | Gained mutation: You are partially covered in icy blue scales. (AC +2) [potion of mutation]
 14756 | Lair:4   | Lost mutation: You are clumsy. (Dex -2) [potion of cure mutation]
 14756 | Lair:4   | Lost mutation: Your spells are a little harder to cast, but a little more powerful. [potion of cure mutation]
 14756 | Lair:4   | Lost mutation: You are resistant to hostile enchantments. (MR+) [potion of cure mutation]
 14756 | Lair:4   | Lost mutation: You have a pair of large horns on your head. [potion of cure mutation]
 14756 | Lair:4   | Lost mutation: Scrolls take you a little longer to read. [potion of cure mutation]
 14757 | Lair:4   | Lost mutation: You are partially covered in icy blue scales. (AC +2) [potion of cure mutation]
 14757 | Lair:4   | Lost mutation: Your body often deteriorates upon taking damage. [potion of cure mutation]
 14757 | Lair:4   | Lost mutation: Your body sometimes deteriorates upon taking damage. [potion of cure mutation]
 14858 | Lair:4   | Gained mutation: Your mind is acute. (Int +2) [potion of beneficial mutation]
 15027 | Lair:6   | Entered Level 6 of the Lair of Beasts
 15511 | Lair:6   | Found a runed door.
 15512 | Lair:6   | Found a viscous altar of Jiyva.
 15514 | Lair:6   | Found a staircase to the Slime Pits.
 16161 | Lair:6   | Received a gift from Okawaru
 16175 | Lair:6   | Slain by a death yak

Skill      XL: |  1  2  3  4  5  6  7  8  9 10 11 12 13 |
---------------+----------------------------------------+-----
Fighting       | 4 5 6 7 9 10 12 13 14 15 | 15.8
Shields        | 4 5 6 7 9 10 11 | 11.8
Dodging        | 1 2 3 4 6 7 9 10 | 10.5
Armour         | 4 5 6 8 9 10 11 | 11.9
Axes           | 3 4 5 7 8 9 |  9.8
Long Blades    | 6 9 |  9.0

Action                   |  1- 3 |  4- 6 |  7- 9 | 10-12 | 13-15 || total
-------------------------+-------+-------+-------+-------+-------++-------
Melee: War axe           |    91 |    83 |   136 |       |       ||   310
       Headbutt          |    15 |    11 |    62 |   130 |    64 ||   282
       Hand axe          |       |       |   140 |   502 |   130 ||   772
       Scimitar          |       |       |       |    58 |    48 ||   106
Invok: Heroism           |       |       |       |     8 |     5 ||    13
 Abil: Evoke Flight      |       |       |       |     1 |       ||     1
  Use: Potion            |       |     1 |       |     7 |    10 ||    18
       Scroll            |       |       |     4 |    19 |     6 ||    29
 Stab: Petrified         |       |       |       |       |     2 ||     2
  Eat: Bread ration      |       |     1 |     2 |     3 |       ||     6
       Beef jerky        |       |       |     3 |     1 |       ||     4
       Meat ration       |       |       |     1 |     2 |     2 ||     5
       Chunk             |       |       |       |     6 |       ||     6
Armor: Scale mail        |    45 |    30 |    76 |    87 |       ||   238
       Plate armour      |       |       |       |   121 |    82 ||   203
Dodge: Dodged            |    18 |    39 |   102 |   154 |    42 ||   355
Block: Shield            |    65 |    54 |   128 |       |       ||   247
       Large shield      |       |       |    26 |   485 |   141 ||   652
       Rpst.: Scimitar   |       |       |       |     6 |     1 ||     7
